Map: Romanticide LE

Players

INnoVation

  • Race: Terran Terran
  • Spawn Location: 11:00

Dark - Winner!

  • Race: Zerg Zerg
  • Spawn Location: 5:00

Event: IEM Katowice 2021

VOD

Have the link to the VOD?

Description

Time

  • Played on: Feb. 23, 2021, 10:47 a.m.
  • Length: 13:10

All games in this series

Show
View Real Time Build Order
Export as new Build Order

INnoVation Terran 

Build Orders: Hellion Opening, Reaper Expand 

Get SALT Encoding   

  12  0:00  SCV  
  13  0:12  SCV  
  14  0:17  Supply Depot  
  14  0:24  SCV  
  15  0:38  SCV  
  15  0:40  Barracks  
  16  0:43  Refinery  
  16  0:50  SCV  
  17  1:02  SCV  
  18  1:15  SCV  
  19  1:26  Reaper  
  19  1:27  Orbital Command  
  20  1:38  Command Center  
  20  1:47  Supply Depot  
  20  1:52  SCV  
  21  1:58  Marine  
  22  2:04  SCV  
  23  2:11  Factory  
  23  2:16  SCV  
  23  2:19  Barracks Reactor  
  24  2:28  SCV  
  25  2:35  Refinery  
  25  2:40  SCV  
  26  2:50  Orbital Command  
  26  2:53  SCV  
  26  2:57  Starport  
  27  3:01  Hellion x2  
  27  3:05  SCV  
  32  3:07  Barracks Tech Lab  
  32  3:15  SCV  
  32  3:17  SCV  
  34  3:23  Hellion x2  
  34  3:24  Supply Depot  
  38  3:28  SCV  
  38  3:29  SCV  
  38  3:33  Viking  
  42  3:39  Stimpack  
  42  3:40  SCV  
  43  3:41  SCV  
  43  3:46  Hellion x2  
  47  3:49  Supply Depot  
  47  3:53  SCV  
  47  3:54  SCV  
  49  4:04  Liberator  
  49  4:05  SCV  
  49  4:06  SCV  
  54  4:11  Hellion x2, Supply Depot  
  58  4:19  SCV x2  
  58  4:24  Command Center  
  60  4:31  SCV x2  
  60  4:34  Supply Depot  
  60  4:35  Barracks  
  62  4:41  Factory Tech Lab  
  62  4:43  SCV x2  
  62  4:45  Barracks  
  64  4:52  Marine, Starport Reactor  
  64  4:55  SCV x2  
  64  4:58  Engineering Bay  
  64  4:59  Supply Depot, Engineering Bay  
  65  5:07  SCV x2  
  65  5:12  Siege Tank  
  70  5:19  SCV, Refinery  
  70  5:20  SCV, Refinery  
  72  5:24  Marine  
  72  5:25  Combat Shield  
  72  5:32  SCV x2  
  73  5:36  Marine  
  73  5:37  Starport Reactor, Marine  
  73  5:40  Terran Infantry Weapons Level 1  
  75  5:44  SCV x2, Marine  
  75  5:45  Marine x2  
  75  5:47  Supply Depot, Terran Infantry Armor Level 1  
  80  5:50  Orbital Command  
  80  5:54  Marine  
  80  5:56  SCV, Barracks  
  82  5:58  Barracks  
  82  6:03  SCV, Siege Tank  
  86  6:04  Marine  
  86  6:07  Marine  
  86  6:08  Marine  
  89  6:15  SCV x2  
  88  6:19  Medivac x2, Marine x2  
  88  6:22  Marine  
  93  6:26  Supply Depot  
  93  6:27  SCV  
  93  6:28  SCV  
  93  6:29  SCV  
  92  6:34  Marine x2  
  92  6:37  Marine x2  
  92  6:38  Siege Tank  
  92  6:39  SCV  
  100  6:40  Supply Depot  
  100  6:42  Armory  
  100  6:43  SCV x2  
  102  6:47  Barracks Reactor x2  
  102  6:51  SCV  
  102  6:52  Marine x2  
  105  6:54  Marine, Missile Turret  
  105  6:55  Marine  
  105  6:57  SCV x2  
  107  7:04  Medivac x2, Supply Depot  
  111  7:10  Marine x3  
  111  7:12  Marine x2  
  111  7:13  SCV x2  
  111  7:14  SCV  
  119  7:19  Supply Depot  
  119  7:22  Siege Tank  
  122  7:24  Marine x3, Supply Depot  
  122  7:29  Marine  
  125  7:31  Marine  
  125  7:35  SCV x3, Supply Depot  
  129  7:37  Refinery x2  
  129  7:40  Terran Infantry Weapons Level 2  
  126  7:47  Marine x5  
  126  7:50  SCV x2  
  131  7:52  Marine x2  
  122  8:00  Marine x2  
  122  8:03  Siege Tank  
  122  8:04  Marine  
  122  8:05  Marine x2  
  114  8:06  Medivac x2  
  114  8:07  SCV x3  
  121  8:14  Factory  
  121  8:15  Marine x2  
  121  8:16  Supply Depot, Marine x2  
  125  8:23  Supply Depot  
  125  8:25  Supply Depot x2, Terran Infantry Armor Level 2  
  125  8:30  Marine x5  
  130  8:38  Siege Tank  
  130  8:40  Medivac  
  135  8:43  Marine x4  
  135  8:45  Terran Vehicle Weapons Level 1  
  135  8:47  Marine  
  135  8:48  Marine  
  140  8:53  Supply Depot  
  140  8:58  Command Center, Factory Tech Lab  
  140  9:01  Marine x3  
  143  9:03  Marine x3  
  143  9:06  Marine x2  
  143  9:07  Marine  
  140  9:18  Marine, Siege Tank x2  
  140  9:19  Marine x2  
  149  9:24  SCV  
  149  9:25  SCV x2  
  149  9:28  Medivac x2, Marine  
  148  9:46  Command Center, Marine x5  
  148  9:47  Marine x2  
  148  9:48  Marine x2  
  148  9:52  Siege Tank  
  157  9:54  Siege Tank  
  157  10:03  Medivac  
  157  10:04  Medivac, Marine x5  
  159  10:07  Marine  
  159  10:10  Marine  
  159  10:11  Marine x2  
  163  10:18  Supply Depot x2  
  160  10:22  Marine x3  
  160  10:26  Siege Tank  
  160  10:27  Siege Tank  
  169  10:29  Marine x2  
  169  10:30  Marine x2  
  173  10:40  Medivac x2, Marine x5  
  182  10:47  Marine  
  182  10:49  Barracks x2  
  183  10:50  Barracks  
  183  10:53  Marine x3  
  183  10:55  Concussive Shells  
  186  10:57  Marine x3  
  186  11:00  Siege Tank x2  
  195  11:16  Marauder, Marine x3  
  200  11:19  Command Center  
  200  11:42  Barracks Tech Lab x3  
  200  11:43  Marauder, Marine  
  200  11:45  Planetary Fortress  
  187  11:47  Marine x4  
  187  11:51  Siege Tank  
  194  11:57  Medivac  
  194  11:58  Marine x3  
  194  12:01  Marine  
  185  12:05  Marauder, Marine x4  
  185  12:07  Siege Tank  
  140  12:10  Marine x3  
  122  12:16  Marine x3  
  122  12:18  SCV x2, Marine  
  115  12:22  Marine  
  115  12:23  Marine x2  
  115  12:26  Marauder  
  115  12:28  Marauder x3  
  114  12:30  SCV  
  114  12:32  SCV x2  
  117  12:42  SCV  
  118  12:44  SCV, Marine x2  
  118  12:46  Marine  
  118  12:47  Marauder, Marine  
  118  12:48  Marine  
  118  12:49  Marine  
Show
View Real Time Build Order
Export as new Build Order

Dark Zerg - Winner!

Build Orders: 3 Hatch before Pool 

Get SALT Encoding   

  12  0:00  Drone  
  13  0:11  Overlord  
  13  0:16  Drone  
  14  0:30  Drone x2  
  16  0:40  Drone  
  17  0:52  Hatchery  
  17  0:55  Drone  
  17  0:57  Drone  
  18  1:17  Hatchery  
  17  1:21  Extractor, Drone  
  17  1:35  Spawning Pool  
  17  1:37  Drone  
  17  1:43  Drone  
  17  1:44  Drone  
  19  1:57  Drone  
  20  2:07  Drone  
  21  2:09  Drone  
  22  2:20  Drone  
  23  2:23  Queen  
  23  2:25  Drone  
  23  2:27  Queen  
  23  2:28  Queen  
  30  2:35  Metabolic Boost  
  30  2:40  Overlord  
  30  2:43  Drone  
  31  2:45  Drone  
  31  2:47  Drone  
  31  2:50  Drone  
  34  2:58  Drone x4  
  38  3:04  Queen  
  40  3:10  Overlord  
  40  3:12  Overlord  
  40  3:15  Drone  
  40  3:17  Drone  
  42  3:29  Zergling x6  
  42  3:30  Drone x3  
  48  3:34  Drone x3  
  48  3:40  Zergling x4, Queen  
  55  3:44  Queen  
  57  3:52  Overlord  
  57  3:54  Drone  
  58  3:58  Overlord  
  58  4:00  Overlord  
  58  4:01  Extractor, Drone  
  58  4:06  Overlord  
  58  4:10  Overlord  
  58  4:12  Drone x3  
  61  4:17  Spine Crawler  
  61  4:18  Drone x5  
  61  4:20  Queen  
  67  4:30  Zergling x2  
  67  4:31  Zergling x4  
  70  4:32  Evolution Chamber x2, Drone x2  
  70  4:36  Drone x3  
  73  4:43  Zergling x8  
  73  4:44  Drone  
  78  4:48  Drone  
  78  4:50  Drone x2  
  81  4:54  Drone  
  81  4:55  Spore Crawler  
  81  4:57  Spore Crawler  
  81  4:58  Drone x2  
  81  4:59  Drone x2  
  85  5:00  Drone  
  85  5:02  Zerg Melee Weapons Level 1  
  85  5:06  Zergling x2  
  86  5:09  Zerg Ground Armor Level 1  
  86  5:11  Baneling Nest  
  85  5:14  Drone x2  
  85  5:17  Spore Crawler  
  86  5:22  Hatchery  
  86  5:23  Zergling x4  
  86  5:24  Zergling x2  
  86  5:28  Drone x3  
  90  5:35  Drone x4  
  89  5:37  Lair  
  89  5:45  Hatchery, Drone  
  89  5:49  Overlord  
  89  5:51  Overlord  
  89  5:53  Extractor  
  89  5:54  Extractor  
  89  5:55  Drone x2  
  89  6:01  Overlord  
  89  6:04  Hatchery  
  88  6:11  Zergling x12  
  94  6:17  Zergling x16  
  94  6:26  Zergling x6  
  90  6:34  Drone  
  90  6:35  Drone x2  
  90  6:38  Centrifical Hooks  
  90  6:41  Drone x8  
  90  6:42  Infestation Pit  
  90  6:46  Baneling  
  90  6:47  Baneling x6  
  97  6:49  Zergling x10  
  102  6:54  Zergling x4  
  102  6:57  Overlord x2  
  104  7:03  Drone x3  
  104  7:05  Zerg Melee Weapons Level 2  
  106  7:10  Zergling x10  
  106  7:15  Zergling x6  
  114  7:20  Baneling x6  
  114  7:21  Baneling x2  
  114  7:24  Zergling x22  
  114  7:27  Zergling x4  
  114  7:29  Hive  
  127  7:34  Baneling x3  
  117  7:48  Zergling x8  
  117  7:49  Zergling x20  
  117  7:50  Zergling x6  
  110  8:00  Zergling x12  
  110  8:04  Zergling x2  
  105  8:06  Zerg Ground Armor Level 2  
  105  8:09  Drone x4  
  105  8:11  Zergling x10  
  114  8:14  Zergling x6  
  117  8:22  Drone  
  117  8:24  Zergling x2  
  117  8:25  Zergling x8  
  123  8:27  Baneling x7  
  123  8:30  Zergling x2  
  123  8:31  Hatchery  
  123  8:33  Zergling x4  
  125  8:43  Zergling x18  
  125  8:45  Ultralisk Cavern  
  131  8:49  Zergling x6  
  131  8:53  Baneling x2  
  131  8:54  Baneling x2  
  131  8:55  Zergling x12  
  140  8:57  Adrenal Glands  
  136  9:05  Drone x4  
  136  9:06  Drone x5  
  135  9:11  Zergling x14  
  135  9:15  Baneling x3  
  135  9:16  Baneling x3  
  139  9:18  Zergling x10  
  135  9:24  Zergling x8  
  135  9:30  Zergling x14  
  142  9:35  Viper  
  145  9:40  Drone  
  145  9:41  Extractor, Drone  
  145  9:42  Extractor, Overlord  
  145  9:50  Zergling x14  
  145  9:51  Zergling x6  
  153  9:53  Overlord x4  
  153  9:55  Zerg Melee Weapons Level 3  
  144  10:02  Zergling x2  
  144  10:03  Zergling x22  
  152  10:15  Drone  
  152  10:18  Zergling x6  
  152  10:19  Zergling x30, Chitinous Plating  
  170  10:25  Baneling x3  
  170  10:26  Baneling  
  168  10:30  Zergling x2  
  168  10:31  Zergling x18  
  178  10:37  Zergling x2  
  178  10:38  Zergling x10  
  178  10:42  Overlord x2  
  183  10:44  Baneling x5  
  183  10:45  Baneling x3  
  181  10:55  Drone  
  181  10:56  Drone x3  
  185  10:58  Hatchery, Spore Crawler  
  185  11:03  Ultralisk x2  
  195  11:09  Zergling x10  
  198  11:29  Zergling x8  
  198  11:31  Baneling x8  
  198  11:32  Baneling x2  
  195  11:44  Zergling x18  
  193  11:56  Zergling x16  
  158  12:11  Zergling x18  
  158  12:12  Zergling x32  
  169  12:17  Ultralisk x2  
  169  12:18  Zergling x16  
  169  12:21  Zergling x4  
  177  12:26  Ultralisk x2  
  177  12:28  Zergling x14  
  179  12:35  Zergling x14  
  179  12:36  Baneling x3  
  186  12:39  Zergling x6  
  186  12:40  Zergling x2  
  186  12:41  Zergling x2  
  186  12:43  Zergling x2  
  192  12:45  Zergling x2  
  192  12:46  Zergling x4  
  192  12:48  Zergling x2  
  192  12:49  Baneling  
  192  12:50  Baneling x6  

Tags
 
Add a new tag
Caveats
  • Supply blocks, unpowered buildings, or Contaminate may cause inaccurate times.
  • Supply counts are checked every 10 seconds.